 Dungeon Crawl Stone Soup version 0.27-a0-34-gc18c9092ac (webtiles) character file.

Game seed: 13010724208435318057

46 HoaS the Cudgeller (level 3, -2/36 HPs)
             Began as an Ogre Gladiator on Jan 4, 2021.
             Slain by a gnoll
             ... wielding a +0 halberd
              (15 damage)
             ... on level 2 of the Dungeon.
             The game lasted 00:03:05 (1001 turns).

HoaS the Cudgeller (Ogre Gladiator)                 Turns: 1001, Time: 00:03:05

Health: -2/36      AC:  3    Str: 18    XL:     3   Next: 68%
Magic:  3/3        EV: 10    Int:  9    God:
Gold:   149        SH:  0    Dex: 11    Spells: 2/2 levels left

rFire    . . .     SeeInvis .   a - +0 flail
rCold    + . .     Faith    .   (no shield)
rNeg     . . .     Spirit   .   b - +0 robe
rPois    .         Reflect  .   c - +0 hat
rElec    .         Harm     .   (no cloak)
rCorr    .         Rampage  .   (gloves unavailable)
Will     .....                  (boots unavailable)
Stlth    +.........             (no amulet)
HPRegen  0.12/turn              g - ring of protection from cold
MPRegen  0.08/turn              (no ring)

@: no status effects
A: large, unfitting armour, tough skin 1
a: no special abilities


You were on level 2 of the Dungeon.
You visited 1 branch of the dungeon, and saw 2 of its levels.

You collected 149 gold pieces.

Inventory:

Hand Weapons
 a - a +0 flail (weapon)
Missiles
 d - 3 throwing nets (quivered)
Armour
 b - a +0 robe (worn)
 c - a +0 hat (worn)
Jewellery
 g - a ring of protection from cold (left hand)
Scrolls
 i - a scroll of teleportation {unknown}
 j - a scroll of enchant weapon {unknown}
Potions
 e - a potion of heal wounds {unknown}
 f - a potion of mutation
 h - a potion of attraction {unknown}


   Skills:
 - Level 2.6 Fighting
 + Level 4.1 Maces & Flails
 - Level 2.0 Throwing
 - Level 2.6 Dodging


You had 2 spell levels left.
You didn't know any spells.
Your spell library was empty.

Dungeon Overview and Level Annotations

Branches:
Dungeon (2/15)

Altars:
Dithmenos


Innate Abilities, Weirdness & Mutations

You are too large for most types of armour.
You have tough skin. (AC +1)


Message History

The gnoll shouts! x2
You hit the gnoll.
The gnoll is moderately wounded.
The gnoll hits you with a +0 spear.
You hit the gnoll but do no damage.
The gnoll is moderately wounded.
The gnoll hits you with a +0 spear.
You barely miss the gnoll.
The gnoll is moderately wounded.
The gnoll completely misses you.
A kobold comes into view. It is wielding a +0 short sword.
The gnoll barely misses you. The gnoll closely misses you.
The gnoll hits you from afar with a +0 spear.
Found a stone staircase leading down.
The kobold throws a stone.
The stone closely misses you.
The gnoll hits you from afar with a +0 spear.
The gnoll hits you but does no damage. The gnoll hits you with a +0 spear.
The gnoll hits you from afar with a +0 halberd!
You die...

..##.....##..#
.###..#..###.## .#
.##..###..##..#
####.
....g###K.....# ....
..##..#..##... ...
#.##.....##..# ..
#.##.#.#.##..# .#
#.##...#.##..#####.#
#.####......Kggg@..#
#.# ###.>...g####.#
#.# #####.......#
...####### #####


You could see 4 gnolls and a kobold.

Vanquished Creatures
  An ooze (D:1)
  A dart slug (D:1)
  2 bats (D:2)
  3 giant cockroaches
  7 goblins
  5 hobgoblins
  8 jackals
  2 frilled lizards (D:2)
  3 kobolds
  2 rats
34 creatures vanquished.

Notes
Turn   | Place    | Note
-------+----------+-------------------------------------------
     0 | D:1      | HoaS the Ogre Gladiator began the quest for the Orb.
     0 | D:1      | Reached XP level 1. HP: 22/22 MP: 1/1
    40 | D:1      | Reached skill level 3 in Maces & Flails
    44 | D:1      | Reached XP level 2. HP: 21/29 MP: 2/2
   172 | D:1      | Reached XP level 3. HP: 30/36 MP: 3/3
   795 | D:2      | Found a shadowy altar of Dithmenos.
   813 | D:2      | Reached skill level 4 in Maces & Flails
  1001 | D:2      | Slain by a gnoll

Illustrated notes

Levels and vault maps discovered:
D:1:      dpeg_arrival_round_a, layout_basic, serial_aquarium,
          aquarium_bridge_straight [aquarium_subvault_bridge,
          aquarium_subvault_balcony, aquarium_subvault_bridge,
          aquarium_subvault_wall], aquarium_window_1, aquarium_window_fake,
          aquarium_window_fake, aquarium_window_corridor_2, aquarium_view_2d,
          aquarium_pool_2
D:2:      lemuel_upstairs_altar, layout_loops_ring, zin_academy,
          nicolae_dithmenos_shadow_blocks, uniq_terence

Skill      XL: |  1  2  3 |
---------------+----------+-----
Maces & Flails | 3 4 |  4.1
Fighting       | |  2.6
Throwing       | |  2.0
Dodging        | |  2.6

Action                   || total
-------------------------++-------
Melee: Flail             ||    93
  Use: Scroll            ||     3
 Stab: Sleeping          ||     1
Armor: Robe              ||    29
Dodge: Dodged            ||    65

Table legend: (Time is in decaauts)
 A = Elapsed time spent in this place.
 B = Non-inter-level travel time spent in this place.
 C = Inter-level travel time spent in this place.
 D = Time resting spent in this place.
 E = Time spent auto-exploring this place.
 F = Levels seen in this place.
 G = Mean time per level.
                   A        B        C        D        E       F      G
               +--------+--------+--------+--------+--------+-----+--------+
         Total |   1021 |   1005 |     16 |     96 |    661 |   2 |  510.5 |
       Dungeon |   1021 |   1005 |     16 |     96 |    661 |   2 |  510.5 |
               +--------+--------+--------+--------+--------+-----+--------+

Top non-repeatable levels by time:
     D:1: 648 daAuts
     D:2: 372 daAuts
